 Dungeon Crawl Stone Soup version 0.17.0-56-gd8de76c (webtiles) character file.

2636 gorblad the Covered (level 9, -5/68 HPs)
             Began as a Demonspawn Fighter on Dec 5, 2015.
             Was a Believer of Dithmenos.
             Slain by an orc warrior
             ... wielding a +0 flail
              (9 damage)
             ... on level 8 of the Dungeon.
             The game lasted 00:18:07 (7072 turns).

gorblad the Covered (Demonspawn Fighter)            Turns: 7072, Time: 00:18:07

Health: -5/68      AC: 20    Str: 24    XL:     9   Next: 35%
Magic:  9/9        EV:  7    Int: 10    God:    Dithmenos [**....]
Gold:   416        SH: 11    Dex: 13    Spells: 0 memorised, 8 levels left

rFire  + . .     SeeInvis .     a - +1 trident
rCold  + + +     Clarity  .     o - +1 chain mail {rC+}
rNeg   . . .     SustAt   .     c - +0 shield
rPois  +         Gourm    .     (no helmet)
rElec  +         Spirit   .     q - +0 cloak
rCorr  +         Warding  .     (no gloves)
rMut   .         Stasis   .     j - +0 pair of boots
MR     .....                    G - amulet of faith
Stlth  ..........               f - +3 ring of protection
                                B - ring of protection from cold

@: mighty, resistant, hasted, wreathed by umbra, very quick, not resistant to
hostile enchantments, extremely unstealthy
A: talons 2, molten scales 2, powered by pain 1
a: Shadow Step, Renounce Religion


You were on level 8 of the Dungeon.
You worshipped Dithmenos.
Dithmenos was pleased with you.
You were not hungry.

You visited 1 branch of the dungeon, and saw 8 of its levels.

You collected 416 gold pieces.

Inventory:

Hand Weapons
 a - a +1 trident (weapon)
Armour
 c - a +0 shield (worn)
 j - a +0 pair of boots (worn)
 o - a +1 chain mail of cold resistance (worn)
 q - a +0 cloak (worn)
Jewellery
 f - a +3 ring of protection (right hand)
 l - an uncursed ring of sustain attributes
 B - a ring of protection from cold (left hand)
 G - an amulet of faith (around neck)
Wands
 k - a wand of disintegration (19)
 m - a wand of digging (10)
 s - a wand of fireball (2)
Scrolls
 n - 2 scrolls of recharging
 v - a scroll of magic mapping
 y - a scroll of remove curse
Potions
 d - a potion of might
 g - 2 potions of resistance
 i - 2 potions of brilliance
 C - a potion of cancellation
Books
 w - a Grand Grimoire

   Spells                             Type                      Level
   a - Monstrous Menagerie            Summoning                    6
   b - Summon Greater Demon           Summoning                    7
   c - Malign Gateway                 Summoning/Translocation      7
   d - Summon Horrible Things         Summoning                    8
 A - an Akashic Record

   Spells                             Type                      Level
   a - Dispersal                      Translocation                6
   b - Malign Gateway                 Summoning/Translocation      7
   c - Disjunction                    Translocation                8
   d - Controlled Blink               Translocation                8
 E - a book of Frost

   Spells                             Type                      Level
   a - Freeze                         Ice                          1
   b - Throw Frost                    Conjuration/Ice              2
   c - Ozocubu's Armour               Charms/Ice                   3
   d - Throw Icicle                   Conjuration/Ice              4
   e - Summon Ice Beast               Ice/Summoning                4
   f - Condensation Shield            Ice                          4
Comestibles
 b - a chunk of flesh
 e - 5 bread rations
 h - a slice of pizza
 p - 2 meat rations
 r - 3 fruits
 x - a beef jerky


   Skills:
 + Level 5.5 Fighting
 + Level 5.6 Polearms
 + Level 6.8 Armour
 + Level 3.5 Dodging
 + Level 1.0 Stealth
 + Level 6.4 Shields


You had 8 spell levels left.
You didn't know any spells.

Dungeon Overview and Level Annotations

Branches:
Dungeon (8/15)             Temple (0/1) D:5
   Lair: D:8-11

Altars:
Ashenzari
Dithmenos
Elyvilon
Makhleb
Okawaru
Qazlal
Ru
Vehumet
Xom
Yredelemnul
Zin
The Shining One


Innate Abilities, Weirdness & Mutations

You have razor-sharp toenails.
You are mostly covered in molten scales (AC +3, EV -1).
You sometimes gain a little power by taking damage.


Message History

The orc warrior hits you with a flail!
You focus on the pain.
You feel very mighty all of a sudden.
You completely miss the orc warrior.
The orc warrior is almost dead.
The orc warrior hits you but does no damage.
You closely miss the orc warrior.
The orc warrior is almost dead.
The orc priest invokes the aid of Beogh against you.
Something smites you!
* * * LOW HITPOINT WARNING * * *
The orc warrior hits you with a flail!
* * * LOW HITPOINT WARNING * * *
Drink which item? (? for menu, Esc to quit)
You feel protected.
The orc priest calls upon Beogh to heal the orc warrior.
The orc warrior is healed somewhat.
Drink which item? (? for menu, Esc to quit)
It was a potion of haste.
You feel yourself speed up. The orc warrior hits you with a flail!
You die...

#.#.##.####.####.#..#
#.#.##.# #.# #.#..#
#.#.##.# #.# #.#..#
#.#.##.# #.# #.#..#
#.#.##.# #.# #.#..#
#.#.##.# #.# #.#..#
##.#.##.# #.# #.#..#
.......o####.####....#
......)oo@..........##
##.#########.########
..........#
###########


You could see an orc warrior, an orc priest and an orc.

Vanquished Creatures
  Psyche (D:8)
  A water moccasin (D:6)
  2 ice beasts
  A sky beast (D:7)
  2 black bears
  2 centaurs
  An orc warrior (D:8)
  An ogre (D:6)
  2 giant frogs
  8 wights
  A scorpion (D:4)
  3 killer bees (D:6)
  A crimson imp (D:5)
  2 giant frog skeletons
  2 orc priests (D:4)
  3 hounds
  2 centaur skeletons
  8 orc wizards
  2 worker ants
  2 worker ant zombies
  5 adders
  9 gnolls
  An adder zombie (D:7)
  An ooze (D:3)
  2 adder skeletons
  A worm (D:5)
  3 giant geckos
  22 orcs
  A ball python (D:4)
  6 giant cockroaches
  14 hobgoblins
  3 jackals (D:3)
  9 kobolds
  11 bats
  A giant gecko zombie (D:5)
  7 giant newts
  9 goblins
  A quokka skeleton (D:7)
  8 rats
161 creatures vanquished.

Notes
Turn   | Place    | Note
--------------------------------------------------------------
     0 | D:1      | gorblad the Demonspawn Fighter began the quest for the Orb.
     0 | D:1      | Reached XP level 1. HP: 18/18 MP: 1/1
   211 | D:1      | Gained mutation: You have sharp toenails. [demonic ancestry]
   211 | D:1      | Reached XP level 2. HP: 24/24 MP: 2/2
   535 | D:1      | Found a shattered altar of Ashenzari.
   991 | D:2      | Gained mutation: You are partially covered in molten scales (AC +1). [demonic ancestry]
   991 | D:2      | Reached XP level 3. HP: 9/29 MP: 3/3
  1024 | D:2      | HP: 1/29 [kobold/whip (4)]
  1618 | D:3      | Found a white marble altar of Elyvilon.
  1685 | D:3      | Found a faded altar to an unknown god.
  1716 | D:3      | Reached XP level 4. HP: 12/35 MP: 4/4
  2059 | D:3      | Reached skill level 1 in Dodging
  2306 | D:3      | Found a shadowy altar of Dithmenos.
  2310 | D:3      | Became a worshipper of Dithmenos the Shadowed
  2632 | D:4      | Gained mutation: You sometimes gain a little power by taking damage. [demonic ancestry]
  2632 | D:4      | Reached XP level 5. HP: 26/41 MP: 5/5
  2952 | D:4      | Found a glowing golden altar of the Shining One.
  2954 | D:4      | Found an iron altar of Okawaru.
  3317 | D:4      | Found a shattered altar of Ashenzari.
  3318 | D:4      | Found a radiant altar of Vehumet.
  3320 | D:4      | Found a sacrificial altar of Ru.
  3402 | D:4      | Found a stormy altar of Qazlal.
  3402 | D:4      | Found a shimmering altar of Xom.
  3425 | D:4      | Found a basalt altar of Yredelemnul.
  3577 | D:4      | Gained mutation: You have razor-sharp toenails. [demonic ancestry]
  3577 | D:4      | Reached XP level 6. HP: 45/48 MP: 6/6
  3790 | D:5      | Entered Level 5 of the Dungeon
  3833 | D:5      | Reached skill level 4 in Fighting
  3852 | D:5      | Found a staircase to the Ecumenical Temple.
  3895 | D:5      | Reached * piety under Dithmenos
  4339 | D:6      | Reached XP level 7. HP: 27/54 MP: 7/7
  4644 | D:6      | Found a burning altar of Makhleb.
  4864 | D:6      | Reached skill level 1 in Stealth
  5225 | D:6      | Reached skill level 5 in Armour
  5234 | D:6      | Reached skill level 5 in Shields
  5234 | D:6      | Reached XP level 8. HP: 47/61 MP: 8/8
  5271 | D:6      | Noticed a water moccasin
  5279 | D:6      | Killed a water moccasin
  5402 | D:6      | Reached ** piety under Dithmenos
  5802 | D:7      | Reached skill level 5 in Fighting
  5920 | D:7      | Reached skill level 5 in Polearms
  5920 | D:7      | Reached skill level 6 in Armour
  6074 | D:7      | Gained mutation: You are mostly covered in molten scales (AC +3, EV -1). [demonic ancestry]
  6074 | D:7      | Reached XP level 9. HP: 32/68 MP: 9/9
  6336 | D:7      | Found a burning altar of Makhleb.
  6342 | D:7      | Found a glowing silver altar of Zin.
  6342 | D:7      | Noticed an angel
  6343 | D:7      | Noticed a cacodemon
  6768 | D:8      | Noticed Psyche
  6780 | D:8      | Paralysed by Psyche for 3 turns
  6794 | D:8      | Killed Psyche
  7070 | D:8      | HP: 3/68 [orc warrior/flail (9)]
  7072 | D:8      | Slain by an orc warrior

Action                   |  1- 3 |  4- 6 |  7- 9 || total
-------------------------+-------+-------+-------++-------
Melee: Trident           |   187 |   262 |   397 ||   846
  Use: Scroll            |     5 |     8 |     5 ||    18
       Potion            |       |     1 |    11 ||    12
  Eat: Chunk             |     3 |     9 |     5 ||    17
       Bread ration      |       |       |     1 ||     1
       Fruit             |       |       |     1 ||     1
